[Event "*** SCC Grand Prix: Titled Tuesday Blitz"]
[Site "Chess.com"]
[Date "2020.06.09"]
[Round "10"]
[White "Vaathi_Coming"]
[Black "SamuelGhimpu2003"]
[Result "1-0"]
[WhiteElo "2845"]
[BlackElo "2632"]
[TimeControl "180+1"]
[EndTime "10:56:15 PDT"]
[Termination "Vaathi_Coming won by resignation"]

1. e4 e6 2. d4 d5 3. e5 c5 4.
c3 Qb6 5. Nf3 Bd7 6. Bd3 cxd4 7.
cxd4 Nc6 8. O-O Nxd4 9. Nbd2 Nxf3+ 10. Nxf3 Bc5 11. a3 a5 12. Bd2 Ne7 13. b4 Bd4 14. bxa5 Qa7 15. Nxd4 Qxd4 16. Bb4 Nc6 17. Rb1 Qxe5 18. Re1 Qc7 19. Rc1 Qb8 20. Rxc6 bxc6 21.
Qg4 g6 22. Qg5 Qd8 23. Qe5 Rg8 24. Qd6 c5 25. Qxc5 Rc8 26. Qxd5 Qf6 27. Bb5 Qd8 28. Rxe6+ 1-0

[Event "*** SCC Grand Prix: Titled Tuesday Blitz"]
[Site "Chess.com"]
[Date "2020.06.09"]
[Round "10"]
[White "Semen_Khanin"]
[Black "Nyzhnyk_Illia"]
[Result "0-1"]
[WhiteElo "2743"]
[BlackElo "2895"]
[TimeControl "180+1"]
[EndTime "10:56:16 PDT"]
[Termination "Nyzhnyk_Illia won by resignation"]

1. e4 c6 2. d4 d5 3. Nd2 dxe4 4. Nxe4 Nf6 5. Nxf6+ exf6 6. c3 Bd6 7. Bd3 O-O 8. Qc2 Re8+ 9. Ne2 h6 10. O-O Nd7 11.
Ng3 Nf8 12. Bd2 Qc7 13. Rae1 Be6 14. c4 Rad8 15. f4 Qb8 16. Nh5 Bg4 17. Ng3 Ne6 18. h3 Nxd4 19. Rxe8+ Rxe8 20. Qc3 Bc5 21. Kh2 Be2 22.
b4 Bxb4 23. Qxd4 c5 24. Bxb4 cxd4 25. Nxe2 Re3 26. Rd1 b6 27. g3 g5 28. Be1 Qe8 29.
Nxd4 Rxe1 30. Rd2 Qe3 0-1

[Event "*** SCC Grand Prix: Titled Tuesday Blitz"]
[Site "Chess.com"]
[Date "2020.06.09"]
[Round "10"]
[White "CrushingKings"]
[Black "GM_Buhmann"]
[Result "1/2-1/2"]
[WhiteElo "2542"]
[BlackElo "2733"]
[TimeControl "180+1"]
[EndTime "10:56:16 PDT"]
[Termination "Game drawn by repetition"]

1. e4 c5 2. d4 cxd4 3. c3 d5 4.
exd5 Qxd5 5. cxd4 e6 6. Nf3 Nf6 7. Nc3 Bb4 8. Bd2 Qd8 9. Bd3 Nc6 10. a3 Be7 11. Be3 O-O 12. O-O b6 13. Rc1 Bb7 14.
h3 Rc8 15. Bb1 Qd6 16. Qd3 Rfd8 17. Rfd1 g6 18. Ba2 Na5 19. Ne5 Nd5 20. Ne4 Qb8 21. Bh6 Rxc1 22. Rxc1 Nf6 23. Nxf7 Bxe4 24. Bxe6 Bxd3 25.
Nxd8+ Kh8 26. Nf7+ Kg8 27. Ne5+ Kh8 28. Nf7+ Kg8 29. Ne5+ Kh8 30. Nf7+ 1/2-1/2

[Event "*** SCC Grand Prix: Titled Tuesday Blitz"]
[Site "Chess.com"]
[Date "2020.06.09"]
[Round "10"]
[White "Gromes7"]
[Black "jucAxx"]
[Result "0-1"]
[WhiteElo "2029"]
[BlackElo "2085"]
[TimeControl "180+1"]
[EndTime "10:56:19 PDT"]
[Termination "jucAxx won on time"]

1. d4 f5 2. Nf3 Nf6 3. g3 d6 4.
Bg2 c6 5. O-O Qc7 6. c4 e5 7.
dxe5 dxe5 8. Nc3 Be7 9. Qc2 O-O 10. Rd1 Na6 11. a3 e4 12. Bf4 Qb6 13. Ne5 Nh5 14.
Na4 Qc7 15. Ng6 Nxf4 16. Nxf4 Bg5 17. b4 Bxf4 18. gxf4 Qxf4 19. b5 Nc7 20. bxc6 bxc6 21. Nc5 Ne6 22. Nxe6 Bxe6 23. Qc3 Rf6 24. e3 Qg4 25. h3 Qh4 26. Qe5 Rg6 27. Kf1 Qg5 28. Qg3 Qxg3 29. fxg3 Rxg3 30. Kf2 Rg6 31. h4 Bxc4 32.
Rd4 Bd3 33. Rc1 Rb8 0-1

[Event "*** SCC Grand Prix: Titled Tuesday Blitz"]
[Site "Chess.com"]
[Date "2020.06.09"]
[Round "10"]
[White "Caterpiller35"]
[Black "WiktoriaPOL"]
[Result "1-0"]
[WhiteElo "2296"]
[BlackElo "2054"]
[TimeControl "180+1"]
[EndTime "10:56:23 PDT"]
[Termination "Caterpiller35 won by resignation"]

1. e4 c5 2. Nc3 Nc6 3. Bb5 Nd4 4. Bc4 e6 5. Nge2 Ne7 6. O-O d5 7. exd5 exd5 8. Nxd5 Nxd5 9. Nxd4 cxd4 10. Re1+ Be7 11.
Qh5 Be6 12. Rxe6 Nf4 13. Qb5+ Qd7 14. Qxd7+ Kxd7 15. Re4 Ne6 16. d3 Bc5 17. b4 Bxb4 18. Rb1 a5 19. a3 Bc3 20. Rxb7+ Kc6 21. Rxf7 Nc5 22. Bf4 Rae8 23. Rxe8 Rxe8 24. h3 Re1+ 25. Kh2 Re2 26. Rc7+ Kb6 27. Rxg7 Rxf2 28. Bc7+ Kc6 29. Rxh7 Rxc2 30. h4 Rd2 31. Bf4 Rd1 32. Rh6+ Kd7 33. Bb5+ Kd8 34. Bd6 Kc8 35. Bxc5 Bd2 36.
Rh7 Bf4+ 37. Kh3 1-0

[Event "*** SCC Grand Prix: Titled Tuesday Blitz"]
[Site "Chess.com"]
[Date "2020.06.09"]
[Round "10"]
[White "Kislov_Oleg"]
[Black "Nbk90"]
[Result "0-1"]
[WhiteElo "2401"]
[BlackElo "2558"]
[TimeControl "180+1"]
[EndTime "10:56:24 PDT"]
[Termination "Nbk90 won by resignation"]

1. e4 e5 2. Nf3 Nc6 3. d4 exd4 4. Nxd4 Bb4+ 5. c3 Bc5 6. Be3 Bb6 7. Bc4 d6 8. O-O Nf6 9. f3 O-O 10. Bf2 d5 11.
exd5 Nxd5 12. Nxc6 bxc6 13. Qd3 Nf4 14. Qxd8 Rxd8 15.
Re1 Kf8 16. Na3 Rd2 17. Bxb6 axb6 18. Bf1 Rxb2 19. Nc4 Rc2 20. Rad1 Be6 21. Ne5 c5 22. g3 Nh3+ 23. Bxh3 Bxh3 24. Nd7+ Kg8 25. Re7 h5 26. Rde1 Rg2+ 27. Kh1 Raxa2 28. Re8+ Kh7 29. Nf8+ Kh6 0-1

[Event "*** SCC Grand Prix: Titled Tuesday Blitz"]
[Site "Chess.com"]
[Date "2020.06.09"]
[Round "10"]
[White "LiemLe"]
[Black "maciek_92"]
[Result "1-0"]
[WhiteElo "2897"]
[BlackElo "2682"]
[TimeControl "180+1"]
[EndTime "10:56:29 PDT"]
[Termination "LiemLe won by resignation"]

1. c4 f5 2. g3 Nf6 3. Bg2 g6 4. Nc3 Bg7 5. d3 O-O 6. e4 d6 7.
exf5 gxf5 8. Nge2 e5 9. O-O c6 10.
d4 Nbd7 11. b3 e4 12. Nf4 Re8 13. Bb2 Nf8 14. d5 Ng6 15. Nce2 Nxd5 16. Bxg7 Ndxf4 17. Nxf4 Nxf4 18. Bc3 Nd3 19. Qh5 d5 20. cxd5 cxd5 21.
Rad1 Be6 22. Bd4 Qe7 23. Bf3 Qf7 24. Qh4 Rf8 25. Bh5 1-0

[Event "*** SCC Grand Prix: Titled Tuesday Blitz"]
[Site "Chess.com"]
[Date "2020.06.09"]
[Round "10"]
[White "DivyaDeshmukh23"]
[Black "Pavel_Mir"]
[Result "1-0"]
[WhiteElo "2442"]
[BlackElo "2287"]
[TimeControl "180+1"]
[EndTime "10:56:33 PDT"]
[Termination "DivyaDeshmukh23 won by resignation"]

1. e4 e5 2. Nc3 Nf6 3. Bc4 Nc6 4. d3 Na5 5. Bg5 Be7 6. Nge2 d6 7. Qd2 h6 8. Bxf6 Bxf6 9. Nd5 Nxc4 10. dxc4 Be6 11. g3 Bg4 12. O-O-O Bf3 13. Rhe1 Bg5 14. Ne3 Bxe4 15.
f4 Bf6 16. c5 dxc5 17. Qa5 Qe7 18. Nc3 Bf3 19. Ncd5 b6 20. Qa4+ c6 21. Nxe7 Bxe7 22.
Nf5 b5 23. Qa6 Bf6 24. fxe5 Bg5+ 25. Kb1 O-O 26. Rd7 Bg4 27. Ne7+ Kh8 28. Rc7 Rfe8 29. Nxc6 Re6 30. Rc8+ Rxc8 31. Qxc8+ Kh7 32. h4 Rxe5 33.
Nxe5 Bxc8 34. hxg5 hxg5 35. Nxf7 Kg6 36. Nd6 Bd7 37. Re7 Bc6 38. Rxa7 Kh5 39. Rc7 Kg4 40. Rxc6 Kxg3 41. Rxc5 g4 42. Rxb5 1-0

[Event "*** SCC Grand Prix: Titled Tuesday Blitz"]
[Site "Chess.com"]
[Date "2020.06.09"]
[Round "10"]
[White "SargissyanSargis"]
[Black "Quiet_Desperation"]
[Result "1-0"]
[WhiteElo "2310"]
[BlackElo "1932"]
[TimeControl "180+1"]
[EndTime "10:56:36 PDT"]
[Termination "SargissyanSargis won by resignation"]

1. e4 e6 2. d4 d5 3. Nc3 Bb4 4. e5 c5 5. a3 Bxc3+ 6. bxc3 Ne7 7. Qg4 Qc7 8. Bd3 g6 9. Nf3 c4 10. Be2 Qa5 11. Kd2 Qa4 12. Qh4 Nd7 13. g4 b6 14.
Kd1 Bb7 15. Bg5 Ng8 16. Kd2 h6 17. Rhb1 a5 18. Bf6 Ngxf6 19. exf6 O-O-O 20. Qg3 Rhe8 21. Ne5 Nxe5 22. Qxe5 Qc6 23. Rb2 b5 24. Rab1 Ba6 25. f4 Kd7 26. h4 Rb8 27. Bf3 b4 28. axb4 axb4 29. Rxb4 Rxb4 30. Rxb4 Bb5 31. h5 gxh5 32. Qxh5 Rf8 33. Qxh6 Ra8 34. Qg7 Ke8 35. Qg8+ Kd7 36. Qxf7+ Kc8 37. Qf8+ Kb7 38. Qe7+ Kb6 39. f7 1-0

[Event "*** SCC Grand Prix: Titled Tuesday Blitz"]
[Site "Chess.com"]
[Date "2020.06.09"]
[Round "10"]
[White "Maksimus1998"]
[Black "von_Eschenbach"]
[Result "1-0"]
[WhiteElo "2494"]
[BlackElo "2274"]
[TimeControl "180+1"]
[EndTime "10:56:36 PDT"]
[Termination "Maksimus1998 won on time"]

1. Nf3 d5 2. b3 Nf6 3. Bb2 e6 4. g3 c5 5. Bg2 Nc6 6. O-O Be7 7. e3 O-O 8. c4 b6 9. Qe2 Bb7 10. Rd1 d4 11. exd4 cxd4 12. d3 Bc5 13. Nbd2 a5 14. Ne5 Qc7 15. Re1 Nxe5 16. Qxe5 Qxe5 17. Rxe5 Bxg2 18. Kxg2 a4 19. a3 axb3 20. Nxb3 Nd7 21. Re2 e5 22. f4 f6 23. a4 Ra6 24. a5 Rb8 25. fxe5 fxe5 26. Ba3 Bxa3 27. Rxa3 Rba8 28. Rea2 Kf7 29. Kf3 Ke6 30. g4 Kd6 31. g5 Rf8+ 32. Kg3 Rf5 33. h4 Nc5 34. axb6 Rxa3 35. Rxa3 Nxd3 36. c5+ Kd5 37. b7 Rf8 38. Ra8 1-0

[Event "*** SCC Grand Prix: Titled Tuesday Blitz"]
[Site "Chess.com"]
[Date "2020.06.09"]
[Round "10"]
[White "LisikValera"]
[Black "Rodalquilar"]
[Result "0-1"]
[WhiteElo "2482"]
[BlackElo "2641"]
[TimeControl "180+1"]
[EndTime "10:56:39 PDT"]
[Termination "Rodalquilar won by resignation"]

1. d4 d5 2. Bf4 Nf6 3. e3 e6 4. Nd2 Bd6 5. Bg3 O-O 6. Bd3 c5 7. c3 Qc7 8. f4 cxd4 9. cxd4 Nc6 10. a3 Qb6 11. Qb3 Ng4 12. Qxb6 axb6 13. Ke2 Nb4 14.
Nb1 b5 15. Nf3 Nxd3 16. Kxd3 b4 17. Ne5 Nh6 18. Rc1 f6 19. Nf3 Bd7 20. Bf2 Bb5+ 21. Kd2 e5 22. a4 Bxa4 23. h3 e4 24. Ne1 g5 25. g3 Nf5 26. g4 Ne7 27. f5 h5 28. Ke2 hxg4 29. hxg4 Kf7 30. Kf1 Bb5+ 0-1

[Event "*** SCC Grand Prix: Titled Tuesday Blitz"]
[Site "Chess.com"]
[Date "2020.06.09"]
[Round "10"]
[White "PowerThinking2650"]
[Black "BJthechessgod"]
[Result "1-0"]
[WhiteElo "2333"]
[BlackElo "2157"]
[TimeControl "180+1"]
[EndTime "10:56:39 PDT"]
[Termination "PowerThinking2650 won on time"]

1. e4 e6 2. d4 d5 3. Nd2 Nf6 4. e5 Nfd7 5. Bd3 c5 6. c3 Nc6 7. Ne2 Be7 8. O-O O-O 9. Nf3 a6 10. Ng3 b5 11. Nh5 b4 12. Qd2 f5 13. exf6 Nxf6 14. Nxf6+ Bxf6 15. dxc5 bxc3 16. bxc3 Qa5 17. Qc2 h6 18. Be3 Qxc3 19. Qxc3 Bxc3 20. Rab1 e5 21.
Rb6 Bd7 22. Bc2 e4 23. Nd2 Ne5 24. Bb3 Bc6 25. Rxc6 Nxc6 26. Bxd5+ Kh8 27. Bxc6 Rad8 28. Nxe4 Bb4 29. Nd6 Rf6 30. g3 Rdf8 31. Kg2 Ba3 32. Bd5 Rg6 33. Bb3 1-0

[Event "*** SCC Grand Prix: Titled Tuesday Blitz"]
[Site "Chess.com"]
[Date "2020.06.09"]
[Round "10"]
[White "OparinGrigoriy"]
[Black "GukeshDommaraju"]
[Result "0-1"]
[WhiteElo "2866"]
[BlackElo "2682"]
[TimeControl "180+1"]
[EndTime "10:56:42 PDT"]
[Termination "GukeshDommaraju won by resignation"]

1. d4 Nf6 2. c4 e6 3. Nf3 d5 4.
g3 dxc4 5. Bg2 a6 6. O-O Nc6 7. a4 Na5 8. Na3 Rb8 9. Ne5 b5 10. axb5 axb5 11. Bd2 Qxd4 12. Nxb5 Rxb5 13. Nc6 Qd7 14.
Nxa5 Nd5 15. Nxc4 Bd6 16. Qa4 O-O 17. Rfc1 Nb6 18. Nxb6 Rxb6 19. Bc6 Qe7 20. Bc3 e5 21. Bg2 Be6 22. h4 f6 23. Qe4 Rfb8 24. Ra7 g6 25. Qd3 Bc5 26. Bd5 Rd6 27. Bxe6+ Qxe6 28. Qe4 Bxa7 0-1

[Event "*** SCC Grand Prix: Titled Tuesday Blitz"]
[Site "Chess.com"]
[Date "2020.06.09"]
[Round "10"]
[White "Khvicha_Supatashvili"]
[Black "Gennady_Kozlov"]
[Result "1-0"]
[WhiteElo "2723"]
[BlackElo "2569"]
[TimeControl "180+1"]
[EndTime "10:56:42 PDT"]
[Termination "Khvicha_Supatashvili won by resignation"]

1. d4 e6 2. c4 b6 3. Nf3 Bb7 4. g3 Nf6 5. Bg2 Be7 6. O-O O-O 7. Nc3 Ne4 8. Bd2 f5 9. d5 Bf6 10. Rc1 Qe7 11. dxe6 dxe6 12. Qc2 Nxc3 13. Bxc3 Be4 14. Qb3 Nd7 15. Bxf6 Qxf6 16. Rfd1 Nc5 17. Qa3 a5 18. Ne1 Bxg2 19. Nxg2 Rad8 20. Nf4 Qe5 21. b3 g5 22. Rxd8 Rxd8 23. Nd3 Nxd3 24. exd3 Rxd3 25. Qe7 h6 26.
Qe8+ Kg7 27. Qe7+ Kg8 28. Qe8+ Kh7 29. Qf7+ Qg7 30. Qxe6 Qf8 31. Re1 Rd2 32. Re5 Rd6 33. Qxf5+ Qxf5 34. Rxf5 Kg6 35. Rb5 Rd2 36. c5 bxc5 37.
Rxa5 Rc2 38. Ra7 c4 39. Ra6+ Kf5 40. bxc4 Rxc4 41. Rxh6 c5 42. Kg2 Ke4 43. h4 Ra4 44. hxg5 Rxa2 45. Rf6 Ke5 46. Rf4 Ra6 47. Kh3 Rc6 48.
Rc4 Kd5 49. Rc1 c4 50. f4 Ke4 51. Kg4 c3 52. f5 c2 53. f6 Ke5 54. f7 Rc8 55. Rxc2 1-0

[Event "*** SCC Grand Prix: Titled Tuesday Blitz"]
[Site "Chess.com"]
[Date "2020.06.09"]
[Round "10"]
[White "Orest_Vovk"]
[Black "cassoulet"]
[Result "0-1"]
[WhiteElo "2480"]
[BlackElo "2624"]
[TimeControl "180+1"]
[EndTime "10:56:44 PDT"]
[Termination "cassoulet won on time"]

1. h4 d5 2. h5 e5 3. h6 Nxh6 4.
d4 Nc6 5. Bxh6 gxh6 6. e3 exd4 7. exd4 Bg7 8. c3 Bf5 9. Bd3 Bg6 10. Qe2+ Kf8 11. Nd2 Qg5 12. Bxg6 hxg6 13. Ngf3 Qf5 14. O-O-O a6 15. Rde1 Bf6 16. Nh4 Qd7 17. Qf3 Kg7 18.
Qg3 Rae8 19. Ndf3 h5 20. Ng5 Qg4 21. Nhf3 Qxg3 22. fxg3 Ne7 23. Nh3 Nf5 24. Nf4 c6 25. Ne2 Re3 0-1

[Event "*** SCC Grand Prix: Titled Tuesday Blitz"]
[Site "Chess.com"]
[Date "2020.06.09"]
[Round "10"]
[White "LyonBeast"]
[Black "Hrant_ChessMood"]
[Result "1-0"]
[WhiteElo "2989"]
[BlackElo "3069"]
[TimeControl "180+1"]
[EndTime "10:56:46 PDT"]
[Termination "LyonBeast won by checkmate"]

1. c4 Nf6 2. Nf3 g6 3. g3 Bg7 4.
Bg2 O-O 5. O-O d6 6. d4 Nbd7 7.
Nc3 e5 8. e4 exd4 9. Nxd4 Nc5 10.
Re1 Re8 11. f3 a5 12. Be3 Nfd7 13. Qe2 Ne5 14. Rad1 h5 15. b3 Bd7 16. h3 Qc8 17.
Qf1 a4 18. b4 Ne6 19. a3 Nxd4 20. Bxd4 c5 21. bxc5 dxc5 22. Bxe5 Bxe5 23. Nd5 Ra6 24.
f4 Bd4+ 25. Kh2 Kg7 26. e5 Bf5 27. Rd2 Rae6 28. Red1 Rh8 29. Qe2 Bg4 30. Bf3 Bxh3 31. Rxd4 cxd4 32. Qb2 Bg4 33. Be2 Bxe2 34. Qxe2 Qc5 35.
Qd3 b5 36. f5 gxf5 37. Qxf5 bxc4 38. Rf1 Rf8 39. Nf6 Rh8 40. Qg5+ Kf8 41. Nd7+ Ke8 42. Nxc5 Rg6 43. Qf5 h4 44. Qd7+ Kf8 45. Qxf7# 1-0

[Event "*** SCC Grand Prix: Titled Tuesday Blitz"]
[Site "Chess.com"]
[Date "2020.06.09"]
[Round "10"]
[White "Shuvalov"]
[Black "stanyga"]
[Result "0-1"]
[WhiteElo "2447"]
[BlackElo "2638"]
[TimeControl "180+1"]
[EndTime "10:56:48 PDT"]
[Termination "stanyga won by resignation"]

1. Nf3 d5 2. c4 c6 3. g3 Nd7 4. cxd5 cxd5 5. Nc3 e5 6. Nxd5 e4 7. Ng1 Ngf6 8. Nxf6+ Qxf6 9. d4 Bb4+ 10. Bd2 Qxd4 11. e3 Qxb2 12. Bxb4 Qxb4+ 13. Qd2 Qxd2+ 14. Kxd2 Nc5 15. Rc1 b6 16. Bb5+ Bd7 17. Bxd7+ Kxd7 18. Ne2 Rhd8 19. Nd4 Ne6 20. Nb5 Ke7+ 21. Ke2 Rac8 22.
Nc3 f5 23. g4 g6 24. gxf5 gxf5 25. Rhg1 Rc5 26. a4 Rdc8 27. Nd5+ Kd6 28. Rxc5 Rxc5 29. Nf6 Rc2+ 30. Kd1 Ra2 31. Rg8 Rxf2 32. h4 Ke5 33. Nxh7 f4 34. exf4+ Nxf4 35. Ng5 e3 36. Re8+ Kd4 37. Rd8+ Kc4 38. Ke1 Nd3+ 39. Rxd3 Kxd3 40. Ne6 e2 41. Kxf2 Kd2 42. Nf4 e1=Q+ 43. Kf3 Qxh4 44.
Ng2 Qxa4 0-1

[Event "*** SCC Grand Prix: Titled Tuesday Blitz"]
[Site "Chess.com"]
[Date "2020.06.09"]
[Round "10"]
[White "Jbd735"]
[Black "lucachess49"]
[Result "1-0"]
[WhiteElo "2452"]
[BlackElo "2328"]
[TimeControl "180+1"]
[EndTime "10:56:48 PDT"]
[Termination "Jbd735 won by resignation"]

1. e4 e5 2. Nf3 Nc6 3. Bb5 a6 4.
Ba4 Nf6 5. O-O Be7 6. Re1 b5 7. Bb3 d6 8. c3 O-O 9. h3 Na5 10.
Bc2 c5 11. d4 Qc7 12. Nbd2 Bd7 13. Nf1 Nc4 14. b3 Nb6 15. d5 c4 16. Bd2 Rfc8 17. Ne3 b4 18. cxb4 cxb3 19. Bxb3 Nxe4 20. Rc1 Qb7 21.
Rxc8+ Rxc8 22. Bc1 f5 23. Nxe5 Bh4 24. Nd3 Bb5 25.
Nxf5 Bxf2+ 26. Nxf2 Nxf2 27. Kxf2 Rf8 28. Qf3 Kh8 29. Bb2 1-0

[Event "*** SCC Grand Prix: Titled Tuesday Blitz"]
[Site "Chess.com"]
[Date "2020.06.09"]
[Round "10"]
[White "ElviraBerend"]
[Black "ecwinslow"]
[Result "1-0"]
[WhiteElo "2398"]
[BlackElo "2257"]
[TimeControl "180+1"]
[EndTime "10:56:48 PDT"]
[Termination "ElviraBerend won on time"]

1. d4 Nf6 2. c4 g6 3. Nf3 Bg7 4. g3 O-O 5. Bg2 d6 6. O-O c6 7. Nc3 Qa5 8. e4 e5 9. d5 c5 10. Ne1 a6 11. Nd3 b5 12. Bd2 bxc4 13. Ne1 Nbd7 14.
Nc2 Rb8 15. Rb1 Qc7 16. Ne3 Nb6 17. Na4 Bd7 18. Nxb6 Qxb6 19. Nxc4 Qc7 20. Na5 Rb5 21. Nc4 Ne8 22. b3 f5 23. exf5 Bxf5 24. Rc1 Bd3 25. Re1 e4 26. Be3 Qf7 27. Qd2 Rb4 28. Bf4 Bd4 29. Bxe4 Bxe4 30. Rxe4 Qxd5 31. Rce1 Nf6 32.
R4e2 Rxc4 33. bxc4 Qxc4 34. Bxd6 Rf7 35. Rc1 Qd5 36.
Bf4 Ne4 37. Qc2 Ng5 38. Bxg5 Qxg5 39. Rf1 Kg7 40. Qe4 h5 41. Kg2 Qd8 42. h4 Qd6 43. Qe6 1-0

[Event "*** SCC Grand Prix: Titled Tuesday Blitz"]
[Site "Chess.com"]
[Date "2020.06.09"]
[Round "10"]
[White "Vision_64"]
[Black "colegiodemadrid"]
[Result "0-1"]
[WhiteElo "2139"]
[BlackElo "2339"]
[TimeControl "180+1"]
[EndTime "10:56:48 PDT"]
[Termination "colegiodemadrid won on time"]

1. e4 c5 2. Nf3 d6 3. d4 cxd4 4. Nxd4 Nf6 5. Nc3 a6 6. Bg5 e6 7.
f4 Be7 8. Qf3 Qa5 9. O-O-O Bd7 10. Bd3 Nc6 11. Nb3 Qc7 12. Rhe1 h6 13. Bxf6 Bxf6 14. g4 Nb4 15. e5 dxe5 16. fxe5 Bxe5 17. Rf1 Rf8 18. Bg6 O-O-O 19. Bxf7 Bf6 20. Qe4 Rxf7 21. Qxb4 Bg5+ 22. Kb1 Rxf1 23. Rxf1 Qxh2 24. Nc5 Qc7 25. Rf7 Qc6 26. a3 Bf6 27. N3a4 Kb8 28. Nb6 Qh1+ 29. Ka2 Bc6 30. Nbd7+ Ka8 31. Nb6+ Ka7 32. Nc4 Qd5 33. Qb6+ Ka8 34. b3 Qd4 35. Rxf6 gxf6 36. Nxa6 Qxb6 37. Nxb6+ Ka7 0-1

[Event "*** SCC Grand Prix: Titled Tuesday Blitz"]
[Site "Chess.com"]
[Date "2020.06.09"]
[Round "10"]
[White "vaishali2001"]
[Black "Alex_Banzea"]
[Result "1-0"]
[WhiteElo "2622"]
[BlackElo "2455"]
[TimeControl "180+1"]
[EndTime "10:56:49 PDT"]
[Termination "vaishali2001 won by checkmate"]

1. e4 c6 2. d4 d5 3. Nd2 dxe4 4. Nxe4 Nf6 5. Nxf6+ exf6 6. c3 Bf5 7. Bc4 Bd6 8. Qe2+ Be7 9. g4 Bg6 10. f4 f5 11. g5 h5 12. Nf3 h4 13. Ne5 Bh5 14. g6 f6 15. Bf7+ Kf8 16. Nf3 Nd7 17. Bd2 Nb6 18.
O-O-O Nd5 19. c4 Nb4 20. a3 Na6 21. Rhe1 Bxf3 22. Qxf3 Qxd4 23. Rxe7 Kxe7 24. Bb4+ Nxb4 25. Rxd4 Na6 26. Qe3+ Kf8 27. Rd7 h3 28. Qe7# 1-0

[Event "*** SCC Grand Prix: Titled Tuesday Blitz"]
[Site "Chess.com"]
[Date "2020.06.09"]
[Round "10"]
[White "chenxiaoyuer"]
[Black "MiroVlasenko"]
[Result "0-1"]
[WhiteElo "2375"]
[BlackElo "2596"]
[TimeControl "180+1"]
[EndTime "10:56:49 PDT"]
[Termination "MiroVlasenko won by checkmate"]

1. e4 Nc6 2. Nf3 d6 3. d4 Nf6 4. Nc3 g6 5. Bc4 Bg7 6. O-O O-O 7. Bf4 Nxe4 8. Nxe4 d5 9. Bd3 dxe4 10. Bxe4 Nxd4 11.
Nxd4 Bxd4 12. Bxc7 Bxf2+ 13. Rxf2 Qxc7 14. Qd2 Kg7 15. Raf1 Be6 16. h4 Rad8 17. Qe3 Qe5 18. Qf3 b6 19. h5 Qxh5 20. Qxh5 gxh5 21. Rf3 Bg4 22. Rg3 e6 23. Ra3 a5 24. Rb3 Rd6 25. c4 Rc8 26.
Rc1 f5 27. Bf3 Kf6 28. Rb5 e5 29. a3 e4 30. Bxg4 hxg4 31. Rf1 Rc5 32. Rxc5 bxc5 33. a4 Rd2 34. Rf2 Rxf2 35. Kxf2 f4 36. g3 Ke5 37.
gxf4+ Kxf4 38. b3 h5 39. b4 cxb4 40. c5 Ke5 41. c6 Kd6 42. c7 Kxc7 43. Ke3 h4 44. Kxe4 h3 45. Kf4 h2 46. Kg3 h1=Q 47. Kxg4 Qf1 48. Kg5 Kd6 49. Kg6 Ke6 50. Kg7 Qf6+ 51.
Kg8 Qe7 52. Kh8 Kf6 53. Kg8 Qg7# 0-1

[Event "*** SCC Grand Prix: Titled Tuesday Blitz"]
[Site "Chess.com"]
[Date "2020.06.09"]
[Round "10"]
[White "kingofthenil"]
[Black "Ladislav1969"]
[Result "0-1"]
[WhiteElo "2423"]
[BlackElo "2347"]
[TimeControl "180+1"]
[EndTime "10:56:49 PDT"]
[Termination "Ladislav1969 won on time"]

1. e4 c5 2. Nf3 e6 3. d4 cxd4 4. Nxd4 Nf6 5. Nc3 Nc6 6. Be3 Bb4 7. Nxc6 bxc6 8. Qf3 d5 9. Bd3 d4 10. O-O-O dxc3 11. Qg3 O-O 12. e5 cxb2+ 13. Kb1 Nd5 14.
Bh6 g6 15. Bc4 Nc3+ 16. Kxb2 Nxd1+ 17. Kc1 Ba3+ 18. Qxa3 Nxf2 19. Rf1 Ng4 20. Rd1 Qe8 21. Bf4 Nf2 0-1

[Event "*** SCC Grand Prix: Titled Tuesday Blitz"]
[Site "Chess.com"]
[Date "2020.06.09"]
[Round "10"]
[White "yobdc"]
[Black "NateSolon"]
[Result "0-1"]
[WhiteElo "2304"]
[BlackElo "2555"]
[TimeControl "180+1"]
[EndTime "10:56:51 PDT"]
[Termination "NateSolon won by checkmate"]

1. e4 c5 2. Nf3 e6 3. c3 Nf6 4. e5 Nd5 5. d4 cxd4 6. cxd4 d6 7.
Nc3 Nxc3 8. bxc3 Qc7 9. Bd2 Nd7 10. exd6 Bxd6 11. Bd3 b6 12. Ng5 Nf6 13. Qf3 Bb7 14.
Qh3 h6 15. O-O O-O 16. Nf3 Bf4 17. Bxf4 Qxf4 18. Ne5 Rac8 19. Rac1 Rc7 20. g3 Qd2 21. Rc2 Qg5 22. f4 Qh5 23. Qxh5 Nxh5 24. f5 exf5 25.
Rxf5 Nf6 26. c4 Rd8 27. d5 Ne8 28. Rcf2 Nd6 29. R5f4 Re8 30. Re2 Rce7 31. Rff2 Rxe5 32.
Rxe5 Rxe5 33. Kf1 Ba6 34. Rc2 f5 35. Kf2 Kf7 36. Bf1 Ne4+ 37. Ke3 Kf6 38. Kd4 Nc5 39. Bg2 Bc8 40. Rf2 g5 41. h4 Re1 42. hxg5+ hxg5 43. Kc3 Re3+ 44. Kb4 Bd7 45. g4 a5# 0-1

[Event "*** SCC Grand Prix: Titled Tuesday Blitz"]
[Site "Chess.com"]
[Date "2020.06.09"]
[Round "10"]
[White "Margarita2907"]
[Black "Chuchofrio1"]
[Result "0-1"]
[WhiteElo "2051"]
[BlackElo "2189"]
[TimeControl "180+1"]
[EndTime "10:56:51 PDT"]
[Termination "Chuchofrio1 won by checkmate"]

1. e4 c5 2. Nf3 Nc6 3. d4 cxd4 4. Nxd4 Nf6 5. Nc3 e5 6. Ndb5 d6 7. Bg5 a6 8. Na3 b5 9. Nd5 Be7 10. Bxf6 Bxf6 11. c3 O-O 12. Nc2 Bg5 13. a4 bxa4 14. Rxa4 a5 15. Bc4 Rb8 16. b3 Kh8 17. O-O f5 18.
exf5 Bxf5 19. Nce3 Be6 20. b4 axb4 21. cxb4 Qd7 22. b5 Nd4 23. b6 Bd8 24. Ra7 Qc6 25. b7 Rxb7 26. Rxb7 Qxb7 27. Qd3 Qf7 28. Nb4 Bh4 29.
Bxe6 Qxe6 30. g3 Qh3 31. f4 Be7 32. f5 Rb8 33. Nbd5 Rb2 34. Rf2 Nf3+ 35. Rxf3 Qxh2+ 36. Kf1 Qh1# 0-1

[Event "*** SCC Grand Prix: Titled Tuesday Blitz"]
[Site "Chess.com"]
[Date "2020.06.09"]
[Round "10"]
[White "lachesisQ"]
[Black "chito89"]
[Result "1-0"]
[WhiteElo "3041"]
[BlackElo "2775"]
[TimeControl "180+1"]
[EndTime "10:56:52 PDT"]
[Termination "lachesisQ won by resignation"]

1. d4 d5 2. c4 dxc4 3. e4 Nf6 4. e5 Nd5 5. Bxc4 Bf5 6. Ne2 e6 7. O-O Nb6 8. Bb3 Nc6 9. Nbc3 Be7 10. Be3 Qd7 11.
Bc2 Bxc2 12. Qxc2 Nb4 13. Qe4 N4d5 14. Rad1 O-O-O 15. Rc1 Kb8 16. Rfd1 h5 17. Nf4 g5 18. Nd3 Nxc3 19. bxc3 Qd5 20. f3 Nc4 21. Bf2 Rhg8 22. Re1 a6 23. Rc2 Na3 24. Rce2 Nc4 25. Rb1 g4 26.
Nf4 Qxe4 27. fxe4 c5 28. Nxh5 cxd4 29. cxd4 Rc8 30. Nf6 Bxf6 31. exf6 Na3 32. Rb3 Rc1+ 33. Re1 Rxe1+ 34. Bxe1 Nc2 35. Bg3+ Ka7 36. Be5 Rd8 37. Bc7 Rc8 38. Rc3 Nb4 39. Bb6+ Kb8 40. Ba7+ 1-0

[Event "*** SCC Grand Prix: Titled Tuesday Blitz"]
[Site "Chess.com"]
[Date "2020.06.09"]
[Round "10"]
[White "heartofatiger"]
[Black "pooh2012"]
[Result "1-0"]
[WhiteElo "2583"]
[BlackElo "2423"]
[TimeControl "180+1"]
[EndTime "10:56:55 PDT"]
[Termination "heartofatiger won by resignation"]

1. d4 Nf6 2. c4 e6 3. Nf3 c5 4. e3 cxd4 5. exd4 d5 6. Nc3 Be7 7. cxd5 Nxd5 8. Bd3 O-O 9. O-O Nc6 10. Re1 Bf6 11. a3 Nde7 12. Bc2 Nxd4 13. Nxd4 Qxd4 14. Qh5 Ng6 15. g3 a6 16. Be3 Qd8 17. Rad1 Qc7 18.
Bd4 Bxd4 19. Rxd4 Rd8 20. Rh4 Nxh4 21. Qxh7+ Kf8 22. Qh8+ Ke7 23. Qxh4+ f6 24. Qh7 Kd6 25. Rd1+ Kc5 26. Qe4 Rxd1+ 27. Bxd1 Kd6 28. Qb4+ Kd7 29. Ba4+ b5 30. Nxb5 axb5 31. Bxb5+ Qc6 32. Bxc6+ Kxc6 33. Qe4+ 1-0